 Dungeon Crawl Stone Soup version 0.30-a0-358-g0d69a1922f (webtiles) character file.

Game seed: 566497498295726689

70 rickhickers the Magician (level 4, 0/26 (31) HPs)
             Began as a Djinni Conjurer on Nov 9, 2022.
             Slain by Pargi (2 damage)
             ... in a sewer.
             The game lasted 00:16:47 (2101 turns).

rickhickers the Magician (Djinni Conjurer)          Turns: 2101, Time: 00:16:48

HP:   0/26 (31)     AC:  3    Str:  6    XL:     4   Next: 45%
Gold: 56            EV: 12    Int: 20    God:
                    SH:  0    Dex: 13

rFire   + + .      SeeInvis .    e - +0 short sword
rCold   x . .      Faith    .    (no shield)
rNeg    . . .      Spirit   .    a - +1 robe
rPois   ∞          Reflect  .    (no helmet)
rElec   .          Harm     .    (no cloak)
rCorr   .          Rampage  .    (no gloves)
Will    .....                    (boots unavailable)
Stlth   ++........               (no amulet)
HPRegen 0.24/turn                (no ring)
MPRegen 0.00/turn                (no ring)

@: mighty, attractive, flying, heavily drained
A: sickness immunity, fire resistance 2, cold vulnerability 1, float, innate
caster, HP casting, extra vitality 1
a: no special abilities


You were in a sewer.
You visited 1 branch of the dungeon, and saw 3 of its levels.
You also visited: Sewer.

You collected 56 gold pieces.

Inventory:

Hand Weapons
 e - a +0 short sword (weapon)
Missiles
 b - 6 atropa-tipped darts
 c - 10 stones
 o - 7 poisoned darts
Armour
 a - a +1 robe (worn)
Potions
 d - a potion of curing {unknown}
 g - a potion of degeneration
 i - a potion of berserk rage {unknown}
 k - a potion of haste {unknown}
 n - a potion of cancellation {unknown}


   Skills:
 - Level 2.1 Dodging
 - Level 1.5 Stealth
 * Level 4.4 Spellcasting


You couldn't memorise any spells.
You knew the following spells:

 Your Spells              Type           Power      Damage    Failure   Level
a - Magic Dart            Conj           88%        1d7       1%          1
b - Searing Ray           Conj           44%        2d6       3%          2
c - Dazzling Flash        Conj/Hex       44%        N/A       6%          3
d - Fulminant Prism       Conj/Hex       11%        3d9       19%         4
e - Iskenderun's Mystic   Conj/Tloc      22%        2d6       19%         4
f - Kiss of Death         Conj/Necr      88%        2d12      1%          1
Your spell library was empty.

Dungeon Overview and Level Annotations

Branches:
Dungeon (3/15)              Sewer (1/1)

Altars:

Annotations:
Sewer Pargi


Innate Abilities, Weirdness & Mutations

You are immune to sickness and miasma.
You are immune to poison.
Your flesh is very heat resistant. (rF++)
You are vulnerable to cold. (rC-)
You float through the air rather than walking.
You learn spells naturally, not from books.
Your magical power is your life essence.
You have superior vitality. (+4 MHP)


Message History

Pargi is moderately wounded. (Press . to maintain the ray.)
The searing ray hits Pargi.
Pargi is moderately wounded.
Pargi misses you. Pargi claws you. Pargi closely misses you.
The searing ray hits Pargi.
Pargi is heavily wounded.
Pargi hisses menacingly.
Pargi bites you. Pargi claws you but does no damage. Pargi barely misses you.
The searing ray hits Pargi!
Pargi is severely wounded.
You finish channelling your searing ray.
Pargi bites you! Pargi claws you. Pargi closely misses you.
As you read the scroll labelled CEASHYETIDD, it crumbles to dust.
It is a scroll of enchant armour.
Your +0 robe glows green for a moment.
Pargi bites you but does no damage. Pargi claws you but does no damage.
Pargi closely misses you.
As you read the scroll labelled YKHLOT SUESOGG, it crumbles to dust.
You hear a loud clanging noise!
It was a scroll of noise.
You hear a shout!
Pargi closely misses you. Pargi claws you but does no damage. x2
Something unseen opens the door.
As you read the scroll labelled YLAOMOA NATETT, it crumbles to dust.
It is a scroll of amnesia.
You feel forgetful for a moment. Pargi closely misses you. x2
Pargi claws you.
* * * LOW HITPOINT WARNING * * *
A kobold comes into view. It is wielding a +0 short sword.
It was a potion of attraction.
You feel attractive to monsters. Pargi closely misses you. Pargi claws you.
* * * LOW HITPOINT WARNING * * *
Pargi closely misses you. The kobold is attracted toward you.
It was a potion of might.
You feel very mighty all of a sudden. Pargi bites you.
* * * LOW HITPOINT WARNING * * *
Pargi claws you.
You die...

#~≈~# #~≈~#
#~≈~# #~≈~#
#############
#.)'.~≈~.'..#
####.~≈~.####
####.~≈~.####
#..T@~≈~.'..#
####K~≈~.####
#§~≈~.####
'.~≈~.'..#
#.~≈~.####
#.~≈~.####
+..∩....∩#
#.~≈~.####
#.~≈~.####


You could see Pargi and a kobold.

Vanquished Creatures
  3 adders
  2 dart slugs (D:1)
  5 bats
  6 giant cockroaches
  3 hobgoblins
  4 jackals (D:1)
  4 quokkas
  3 ball pythons (D:1)
  3 frilled lizards
  2 kobolds
  2 rats
37 creatures vanquished.

Notes
Turn   | Place    | Note
-------+----------+-------------------------------------------
     0 | D:1      | rickhickers the Djinni Conjurer began the quest for the
                  | Orb.
     0 | D:1      | rickhickers set off with the following spells memorised:
                  | Magic Dart, Searing Ray, Dazzling Flash, Fulminant Prism,
                  | Iskenderun's Mystic Blast.
     0 | D:1      | Reached XP level 1. HP: 15/15 MP: 0/0
   571 | D:1      | Reached XP level 2. HP: 18/21 MP: 0/0
   858 | D:2      | Reached XP level 3. HP: 23/25 MP: 0/0
   858 | D:2      | Learned a level 1 spell: Kiss of Death
  1030 | D:2      | Reached skill level 4 in Spellcasting
  1344 | D:2      | Reached XP level 4. HP: 23/24 MP: 0/0
  1960 | D:3      | Found a glowing drain.
  1969 | Sewer    | Entered a sewer
  2092 | Sewer    | Noticed Pargi
  2101 | Sewer    | Slain by Pargi

Illustrated notes

Levels and vault maps discovered:
D:1:      dpeg_arrival_simpleton_a, layout_loops_ring,
          chequers_serial_rivers_small_a
D:2:      layout_basic, ebering_ecumenical_altar_sacrificial,
          minmay_pentomino_r2
D:3:      layout_basic, tso_altar, gup_sewer_entry_pipe, uniq_terence,
          uniq_sigmund, uniq_jessica
Sewer:    kennysheep_door_sewer

Skill      XL: |  1  2  3 |
---------------+----------+-----
Spellcasting   | 4 |  4.4
Dodging        | |  2.1
Stealth        | |  1.5

Action                   |  1- 3 |  4- 6 || total
-------------------------+-------+-------++-------
Melee: Short sword       |     1 |     6 ||     7
 Cast: Magic Dart        |    31 |    15 ||    46
       Searing Ray       |    12 |     6 ||    18
       Kiss of Death     |     2 |       ||     2
       Dazzling Flash    |       |     1 ||     1
  Use: Scroll            |     3 |     3 ||     6
       Potion            |       |     2 ||     2
 Stab: Distracted        |     1 |       ||     1
Armor: Robe              |     3 |     8 ||    11
Dodge: Dodged            |     7 |    21 ||    28

Table legend: (Time is in decaauts)
 A = Elapsed time spent in this place.
 B = Non-inter-level travel time spent in this place.
 C = Inter-level travel time spent in this place.
 D = Time resting spent in this place.
 E = Time spent auto-exploring this place.
 F = Levels seen in this place.
 G = Mean time per level.
                   A        B        C        D        E       F      G
               +--------+--------+--------+--------+--------+-----+--------+
         Total |   2099 |   2099 |      0 |   1287 |      8 |   4 |  524.8 |
       Dungeon |   1968 |   1968 |      0 |   1239 |      8 |   3 |  656.0 |
         Sewer |    131 |    131 |      0 |     48 |      0 |   1 |  131.0 |
               +--------+--------+--------+--------+--------+-----+--------+

Top non-repeatable levels by time:
     D:2: 1116 daAuts
     D:1: 786 daAuts
   Sewer: 131 daAuts
     D:3: 64 daAuts
